 Dungeon Crawl Stone Soup version 0.23.2-30-g0e89c35649 (webtiles) character file.

Game seed: 14352824528639306937

863 Hanswurst the Cudgeler (level 8, -5/48 HPs)
             Began as a Gargoyle Gladiator on June 20, 2019.
             Killed from afar by an orc wizard (17 damage)
             ... with a wand of acid (6)
             ... on level 5 of the Dungeon.
             The game lasted 00:37:59 (6058 turns).

Hanswurst the Cudgeler (Gargoyle Gladiator)         Turns: 6058, Time: 00:37:59

Health: -5/48      AC: 11    Str: 19    XL:     8   Next: 2%
Magic:  17/17      EV:  8    Int: 10    God:
Gold:   331        SH:  8    Dex: 11    Spells: 7/7 levels left

rFire    . . .     SeeInvis .   a - +0 flail
rCold    . . .     Gourm    .   C - +0 shield
rNeg     + . .     Faith    .   w - +0 scale mail
rPois    ∞         Spirit   .   c - +0 helmet
rElec    +         Reflect  .   (no cloak)
rCorr    .         Harm     .   (no gloves)
MR       .....                  D - +0 pair of boots
Stlth    ..........             (no amulet)
HPRegen  0.16/turn              j - ring of magical power
MPRegen  0.15/turn              (no ring)

@: corroded
A: negative energy resistance 1, electricity resistance, unbreathing,
petrification resistance, rot immunity, AC +5
a: no special abilities


You were on level 5 of the Dungeon.
You were hungry.

You visited 1 branch of the dungeon, and saw 5 of its levels.

You collected 331 gold pieces.

Inventory:

Hand Weapons
 a - a +0 flail (weapon)
 e - a +0 hand axe
 p - a +0 mace
 G - a +3 halberd
 H - a cursed -3 glaive
Missiles
 d - 2 throwing nets
 k - 103 sling bullets
 l - 106 arrows
 x - 3 poisoned tomahawks (quivered)
 F - 3 tomahawks
Armour
 c - a +0 helmet (worn)
 w - a +0 scale mail (worn)
 C - a +0 shield (worn)
 D - a +0 pair of boots (worn)
Jewellery
 j - a ring of magical power (left hand)
 v - an uncursed amulet of faith
Scrolls
 g - 9 scrolls of identify {unknown}
 h - 5 scrolls of blinking {unknown}
 i - 3 scrolls of remove curse {unknown}
 n - a scroll of teleportation {unknown}
 s - a scroll of random uselessness {unknown}
 t - a scroll of fog {unknown}
 y - a scroll of magic mapping {unknown}
Potions
 m - a potion of haste {unknown}
 o - a potion of flight {unknown}
 q - a potion of resistance {unknown}
 r - 4 potions of heal wounds {unknown}
 u - a potion of ambrosia
 z - a potion of degeneration {unknown}
 A - 2 potions of lignification {unknown}
 B - a potion of brilliance {unknown}
 E - a potion of might {unknown}
Comestibles
 f - 8 rations


   Skills:
 + Level 3.8 Fighting
 + Level 6.5 Maces & Flails
 + Level 1.9 Throwing
 + Level 3.9 Armour
 + Level 3.6 Dodging
 + Level 0.5 Stealth
 + Level 2.5 Shields


You had 7 spell levels left.
You didn't know any spells.
Your spell library was empty.

Dungeon Overview and Level Annotations

Branches:
Dungeon (5/15)
 Temple: D:4-7

Altars:
Hepliaklqana
Kikubaaqudgha
Trog
Uskayaw
Zin
The Shining One

Shops:
D:5 (

Annotations:
D:3 1 runed translucent door, Crazy Yiuf


Innate Abilities, Weirdness & Mutations

You are resistant to torment.
Your stone body is resilient. (AC +5)
You are immune to poison.
You resist negative energy. (rN+)
You are resistant to electric shocks. (rElec)
You can survive without breathing.
You are immune to petrification.
You are immune to rotting.


Message History

Something hits you but does no damage.
You hear a zap.
A bolt of acid appears from out of thin air!
The bolt of acid misses you.
You completely miss something.
You hear some strange, mumbled words.
A puff of frost appears from out of thin air!
The puff of frost hits you.
* * * LOW HITPOINT WARNING * * *
Something hits you but does no damage.
You hear a shout!
You closely miss something. Something hits you but does no damage.
You hear some strange, mumbled words.
A puff of flame appears from out of thin air!
The puff of flame hits you but does no damage.
You closely miss something.
You hear a zap.
A bolt of acid appears from out of thin air!
The bolt of acid hits you!
You die...

#.###.# #...#.
##.#.##
#...#.. .. ##
#.#.#.# ...#.
##.#.##
.....#########
#.###.#
...##.o.o....#
##.#.##
.%....######o#
#.#.#.#
.o.#### #.#
##.#.## .. #.#
#@###.# . #.#
##{#.##
#.###.#.#.#
#.........#
###########


There were no monsters in sight!

Vanquished Creatures
  A centaur (D:5)
  An ogre (D:5)
  A howler monkey (D:4)
  A jelly (D:5)
  A centaur skeleton (D:4)
  A hound (D:5)
  2 orc priests (D:4)
  3 orc wizards
  A bullfrog skeleton (D:5)
  3 iguanas
  4 worker ants (D:4)
  A hound zombie (D:5)
  4 gnolls (D:5)
  7 adders
  An adder skeleton (D:5)
  2 worms (D:2)
  A dart slug (D:1)
  4 leopard geckos
  12 orcs
  A ball python (D:4)
  4 giant cockroaches
  11 goblins
  13 hobgoblins
  3 jackals (D:3)
  11 kobolds
  A quokka (D:5)
  7 bats
  3 frilled lizards
  11 rats
116 creatures vanquished.

Notes
Turn   | Place    | Note
-------+----------+-------------------------------------------
     0 | D:1      | Hanswurst the Gargoyle Gladiator began the quest for the
                  | Orb.
     0 | D:1      | Reached XP level 1. HP: 12/12 MP: 1/1
   483 | D:1      | Reached XP level 2. HP: 17/17 MP: 2/2
   885 | D:2      | Reached XP level 3. HP: 17/22 MP: 3/3
  1091 | D:2      | Reached skill level 1 in Armour
  1427 | D:2      | Reached XP level 4. HP: 24/27 MP: 4/4
  1457 | D:2      | Found a glowing golden altar of the Shining One.
  2021 | D:2      | Reached skill level 4 in Maces & Flails
  2180 | D:3      | Found a hide-covered altar of Uskayaw.
  2310 | D:2      | Reached XP level 5. HP: 17/32 MP: 5/5
  2847 | D:3      | Found a bloodstained altar of Trog.
  3027 | D:3      | Found a runed translucent door.
  3028 | D:3      | Noticed Crazy Yiuf
  3096 | D:3      | Found an ancient bone altar of Kikubaaqudgha.
  3302 | D:4      | Reached XP level 6. HP: 13/37 MP: 6/6
  3715 | D:3      | Reached skill level 5 in Maces & Flails
  4023 | D:4      | Found a hazy altar of Hepliaklqana.
  4209 | D:4      | Reached skill level 1 in Shields
  4406 | D:4      | Found a glowing silver altar of Zin.
  4519 | D:4      | Reached XP level 7. HP: 30/41 MP: 7/7
  4937 | D:5      | Entered Level 5 of the Dungeon
  4994 | D:5      | Found Xuvais's Antique Weapon Shop.
  5371 | D:5      | Reached skill level 6 in Maces & Flails
  5933 | D:5      | Reached XP level 8. HP: 47/48 MP: 8/8
  6058 | D:5      | Killed from afar by an orc wizard

Skill      XL: |  1  2  3  4  5  6  7 |
---------------+----------------------+-----
Armour         | 1 2 3 |  3.9
Maces & Flails | 4 5 6 |  6.5
Fighting       | 3 |  3.8
Dodging        | 3 |  3.6
Shields        | 1 2 |  2.5
Throwing       | |  1.9
Stealth        | |  0.5

Action                   |  1- 3 |  4- 6 |  7- 9 || total
-------------------------+-------+-------+-------++-------
Melee: Flail             |   124 |   319 |   160 ||   603
Throw: Tomahawk          |       |       |     9 ||     9
       Throwing net      |       |       |     1 ||     1
  Use: Potion            |       |     1 |       ||     1
 Stab: Held in net/web   |       |       |     1 ||     1
  Eat: Chunk             |     2 |    10 |     5 ||    17
Armor: Leather armour    |    66 |     3 |       ||    69
       Scale mail        |       |   229 |    81 ||   310
Dodge: Dodged            |    88 |   172 |    63 ||   323
Block: Shield            |       |    71 |    68 ||   139
